Map: Blackburn LE

Players

ByuN - Winner!

  • Race: Terran Terran

MaxPax

  • Race: Protoss Protoss

Event: StayAtHome Story Cup #4

VOD

Have the link to the VOD?

Description

Time

  • Played on: Oct. 23, 2021, 2:06 p.m.
  • Length: 9:18

All games in this series

Show
View Real Time Build Order
Export as new Build Order

ByuN Terran - Winner!

Build Orders:  

Get SALT Encoding   

  12  0:00  SCV  
  13  0:12  SCV  
  14  0:17  Supply Depot  
  14  0:24  SCV  
  15  0:39  SCV, Barracks  
  16  0:44  Refinery  
  16  0:51  SCV  
  17  1:03  SCV  
  18  1:15  SCV  
  19  1:27  Marine  
  19  1:28  Orbital Command  
  20  1:45  Barracks Reactor  
  20  1:48  Command Center  
  20  1:54  SCV  
  20  1:58  Supply Depot  
  21  2:06  SCV  
  22  2:09  Barracks  
  22  2:16  Barracks  
  22  2:19  SCV  
  23  2:22  Marine  
  23  2:23  Marine  
  25  2:31  SCV  
  26  2:40  Marine  
  26  2:41  Marine  
  26  2:43  SCV  
  29  2:45  Refinery  
  29  2:55  SCV  
  29  2:56  Barracks Tech Lab  
  30  3:01  Orbital Command  
  30  3:02  Marine x2  
  30  3:04  Barracks Tech Lab  
  32  3:07  SCV  
  33  3:16  Marine, Stimpack  
  33  3:19  SCV  
  35  3:23  Supply Depot, Marine  
  35  3:24  Marine  
  35  3:26  SCV  
  38  3:31  SCV  
  38  3:32  Marine  
  40  3:34  Combat Shield  
  40  3:39  Marine  
  40  3:40  Marine  
  42  3:43  SCV  
  42  3:44  SCV  
  42  3:45  Marine  
  44  3:50  Marine  
  45  3:57  Marine  
  45  3:58  Marine  
  45  4:02  SCV x2  
  48  4:03  Marine  
  48  4:07  Supply Depot  
  48  4:08  Marine  
  48  4:14  SCV x2  
  48  4:15  Marine  
  48  4:16  Marine  
  49  4:21  Supply Depot  
  49  4:29  Marine  
  52  4:32  Engineering Bay  
  52  4:33  SCV x2  
  52  4:36  Supply Depot  
  52  4:37  Marine  
  52  4:44  Factory  
  52  4:45  SCV  
  53  4:48  Marine x2  
  53  4:50  SCV  
  55  4:54  Marine  
  55  4:57  SCV  
  55  4:58  Terran Infantry Weapons Level 1  
  57  5:04  SCV  
  57  5:05  Marine  
  57  5:06  Marine  
  59  5:10  SCV  
  59  5:11  Supply Depot  
  59  5:12  Marine  
  61  5:15  Missile Turret  
  61  5:17  SCV  
  62  5:23  SCV, Marine  
  62  5:24  Marine  
  64  5:29  SCV  
  64  5:30  Marine  
  65  5:35  SCV  
  65  5:37  Starport  
  65  5:40  Factory Reactor  
  65  5:41  SCV, Marine  
  65  5:42  Marine  
  67  5:48  SCV, Bunker  
  67  5:49  Marauder  
  64  5:53  SCV  
  62  5:57  Barracks  
  62  5:59  Marine  
  62  6:00  Barracks, Marauder  
  65  6:10  Marauder  
  67  6:12  Refinery  
  67  6:17  SCV x2, Marine  
  70  6:18  Concussive Shells  
  70  6:21  Marauder  
  72  6:26  Refinery  
  72  6:29  Missile Turret  
  72  6:30  Factory Tech Lab  
  72  6:33  Marine  
  72  6:34  Marine  
  72  6:37  SCV x2  
  76  6:42  Marine  
  76  6:43  Supply Depot  
  76  6:44  Supply Depot x2  
  77  6:48  Barracks Reactor  
  77  6:49  Barracks Reactor, Missile Turret  
  77  6:50  Marine  
  78  6:55  Terran Infantry Armor Level 1  
  78  6:59  Barracks Tech Lab  
  78  7:05  Medivac x2, Siege Tank  
  78  7:06  Supply Depot  
  85  7:16  Marauder x2  
  85  7:18  Marauder  
  91  7:26  Marine x4  
  95  7:37  Siege Tank, Medivac, Command Center  
  97  7:40  Marauder x2  
  97  7:42  Marauder  
  106  7:51  Supply Depot  
  106  7:52  Marine x4  
  106  7:53  Supply Depot  
  109  8:13  Marauder x3, Medivac  
  109  8:14  Medivac  
  109  8:15  Marine x2  
  109  8:16  Marine x2  
  122  8:20  Siege Tank  
  125  8:33  Marine  
  126  8:36  Supply Depot  
  126  8:38  Marine x2, Marauder x3  
  126  8:39  Marine  
  130  8:52  Marine  
  133  8:56  Marine  
  133  8:59  Marine x2  
Show
View Real Time Build Order
Export as new Build Order

MaxPax Protoss 

Build Orders: 1 Gate Expand, Proxy Void Ray 

Get SALT Encoding   

  12  0:00  Probe  
  13  0:12  Probe  
  14  0:18  Pylon  
  14  0:24  Probe  
  15  0:36  Gateway, Probe (Chrono Boost)  
  16  0:46  Assimilator  
  16  0:47  Probe (Chrono Boost)  
  17  0:52  Probe (Chrono Boost)  
  18  1:03  Probe  
  19  1:15  Probe  
  20  1:24  Nexus  
  20  1:28  Probe  
  21  1:38  Cybernetics Core  
  21  1:43  Assimilator  
  21  1:44  Probe  
  22  1:54  Pylon  
  22  1:56  Probe  
  23  2:12  Probe  
  23  2:15  Stargate  
  24  2:16  Adept (Chrono Boost)  
  26  2:24  Probe  
  27  2:30  Pylon, Warp Gate  
  27  2:36  Probe  
  28  2:37  Probe  
  28  2:38  Adept (Chrono Boost)  
  31  2:48  Probe  
  31  2:49  Probe  
  33  2:51  Void Ray (Chrono Boost)  
  33  3:04  Shield Battery  
  37  3:06  Probe  
  37  3:10  Adept  
  40  3:13  Probe  
  40  3:18  Probe  
  42  3:23  Void Ray (Chrono Boost)  
  42  3:25  Probe  
  43  3:30  Probe  
  48  3:37  Probe  
  48  3:41  Shield Battery  
  49  3:42  Probe  
  50  3:53  Shield Battery  
  50  3:55  Void Ray  
  54  4:06  Gateway  
  54  4:09  Gateway  
  54  4:10  Shield Battery  
  54  4:13  Probe  
  51  4:19  Stalker  
  53  4:28  Probe  
  53  4:31  Assimilator x2  
  54  4:35  Pylon  
  54  4:36  Pylon  
  54  4:39  Pylon  
  54  4:40  Probe  
  53  4:47  Void Ray  
  53  4:48  Probe  
  54  4:53  Probe  
  54  4:57  Stalker  
  61  5:00  Probe  
  62  5:07  Stalker x2  
  62  5:10  Probe  
  62  5:12  Shield Battery  
  62  5:13  Probe  
  68  5:20  Twilight Council  
  68  5:22  Probe  
  68  5:28  Probe  
  66  5:38  Stalker x3  
  66  5:40  Probe  
  70  5:42  Probe  
  68  5:51  Blink (Chrono Boost)  
  68  5:52  Pylon  
  68  6:00  Forge  
  68  6:02  Nexus  
  68  6:05  Sentry  
  68  6:07  Pylon  
  69  6:13  Sentry  
  69  6:16  Pylon  
  69  6:17  Shield Battery  
  71  6:19  Probe x2  
  71  6:24  Protoss Ground Weapons Level 1  
  73  6:31  Sentry, Probe  
  76  6:37  Photon Cannon  
  77  6:42  Shield Battery  
  77  6:43  Robotics Facility, Probe  
  77  6:46  Photon Cannon, Probe (Chrono Boost)  
  78  6:58  Probe (Chrono Boost)  
  78  6:59  Pylon  
  78  7:00  Probe (Chrono Boost)  
  78  7:01  Sentry, Stalker  
  82  7:06  Probe (Chrono Boost)  
  86  7:09  Probe (Chrono Boost)  
  86  7:12  Probe  
  87  7:15  Assimilator  
  87  7:17  Assimilator  
  87  7:18  Shield Battery  
  87  7:19  Probe  
  87  7:20  Pylon  
  87  7:21  Probe  
  89  7:22  Stalker  
  89  7:26  Probe  
  89  7:27  Photon Cannon  
  92  7:30  Adept  
  92  7:31  Probe  
  92  7:34  Probe  
  96  7:37  Robotics Bay  
  96  7:38  Probe, Observer (Chrono Boost)  
  96  7:43  Pylon  
  96  7:44  Probe  
  99  7:46  Robotics Facility  
  99  7:49  Probe  
  99  7:50  Stalker  
  101  7:54  Immortal (Chrono Boost)  
  105  8:01  Shield Battery  
  105  8:03  Photon Cannon  
  105  8:09  Stalker x2  
  108  8:23  Colossus (Chrono Boost)  
  114  8:35  Probe x2  
  122  8:46  Stalker x3  
  83  9:13  Gateway, Zealot x2  
Tags
 
Add a new tag
Caveats
  • Supply blocks, unpowered buildings, or Contaminate may cause inaccurate times.
  • Supply counts are checked every 10 seconds.